 Dungeon Crawl Stone Soup version 0.30.0-18-gc0e69614cb (webtiles) character file.

Game seed: 1204904308105807323

5 Hades the Conjurer (level 1, -1/15 (16) HPs)
             Began as a Demonspawn Reaver on May 24, 2023.
             Frozen to death by an endoplasm (3 damage)
             ... on level 1 of the Dungeon.
             The game lasted 00:04:25 (227 turns).

Hades the Conjurer (Demonspawn Reaver)               Turns: 227, Time: 00:04:26

HP:   -1/15 (16)    AC: 10    Str: 12    XL:     1   Next: 66%
MP:   3/3           EV: 11    Int: 14    God:
Gold: 37            SH:  0    Dex: 11    Spells: 3/4 levels left

rFire   . . .        d - +2 mace (protect)
rCold   . . .        (no shield)
rNeg    . . .        b - +0 leather armour
rPois   .            (no helmet)
rElec   .            (no cloak)
rCorr   .            (no gloves)
SInv    .            (no boots)
Will    .....        e - amulet of faith
Stlth   +            (no ring)
HPRegen 0.22/turn    (no ring)
MPRegen 0.08/turn

%: faith
@: under a protective aura, drained
A: no striking features
a: no special abilities


You were on level 1 of the Dungeon.
You visited 1 branch of the dungeon, and saw 1 of its levels.

You collected 37 gold pieces.

Inventory:

Hand Weapons
 a - a +0 falchion
 d - a +2 mace of protection (weapon)
Armour
 b - a +0 leather armour (worn)
Jewellery
 e - an amulet of faith (around neck)
Scrolls
 f - a scroll of fear {unknown}
Potions
 c - a potion of heal wounds {unknown}


   Skills:
 + Level 2.0 Fighting
 - Level 2.8 Long Blades
 + Level 0.3 Armour
 + Level 1.7 Dodging
 + Level 2.0 Spellcasting
 + Level 3.1 Conjurations


You had 3 spell levels left.
You knew the following spells:

 Your Spells              Type           Power      Damage    Failure   Level
a - Kiss of Death         Conj/Necr      20%        2d7       16%         1

Your spell library contained the following spells:

 Spells                   Type           Power      Damage    Failure   Level
 Momentum Strike          Conj/Tloc      10%        3d8       24%         2
 Hailstorm                Conj/Ice       5%         3d4       43%         3


Dungeon Overview and Level Annotations

Branches:
Dungeon (1/15)

Altars:


Message History

You feel a strange surge of divine interest.
e - an amulet of faith (around neck)
Found 9 gold pieces.
You now have 37 gold pieces (gained 9).
Found a glowing hat.
You see here a +2 hat.
A kobold comes into view. It is wielding a +0 whip.
The kobold shouts!
The kobold throws a stone.
The stone hits you but does no damage.
The kobold enters a dispersal trap!
You blink.
The kobold blinks!
An endoplasm comes into view.
The endoplasm enters a dispersal trap!
The kobold blinks!
You blink.
A hobgoblin comes into view.
The endoplasm blinks!
You closely miss the rat. The rat bites you.
The rat twitches its whiskers.
The rat closely misses you. The hobgoblin hits you. The endoplasm freezes you.
You are frozen.
You barely miss the endoplasm. The endoplasm barely misses you.
The rat misses you.
The hobgoblin hits you but does no damage.
You hit the rat.
Your weapon exudes an aura of protection.
The rat is heavily wounded.
The endoplasm freezes you.
You are frozen.
* * * LOW HITPOINT WARNING * * *
The rat barely misses you.
The hobgoblin hits you but does no damage.
The rat misses you. The endoplasm barely misses you.
The hobgoblin hits you but does no damage.
Casting: Kiss of Death (safe; 16% risk of failure)
Confirm with . or Enter, or press ? or * to list all spells.
You don't know that spell.
You barely miss the rat.
The rat is heavily wounded.
The endoplasm freezes you.
You are frozen.
You die...

~.## ≈~.# #..
#.# ≈.~#
#..##K### ~~.#
#....l..# ~.##
#.......## .##
........# ..#
#.....# ~.#
#.gr..# ..# #@#
.### #J# ~.<#
#^# ###### #
#.# .....#
#.#.#########
####.#
#............
#.#
###.#########
#.###########.#
#.............#


You could see an endoplasm, a hobgoblin, a kobold, a frilled lizard and a rat.

Vanquished Creatures
  A bat (D:1)
  2 endoplasms (D:1)
  A hobgoblin (D:1)
4 creatures vanquished.

Notes
Turn   | Place    | Note
-------+----------+-------------------------------------------
     0 | D:1      | Hades the Demonspawn Reaver began the quest for the Orb.
     0 | D:1      | Reached XP level 1. HP: 16/16 MP: 3/3
   227 | D:1      | Frozen to death by an endoplasm

Illustrated notes

Levels and vault maps discovered:
D:1:      lightli_arrival_windingriver, layout_loops_ring,
          dreamdust_princess_corridor, minmay_tromino_v4_a

Action                     || total
---------------------------++-------
  Melee: Falchion          ||    13
         Mace              ||     4
         Punch             ||     1
   Cast: Kiss of Death     ||     1
 Armour: Leather armour    ||     8
  Dodge: Dodged            ||    17
